 Dungeon Crawl Stone Soup version 0.21.1-1-g345015fe64 (webtiles) character file.

1331 Nattfarinn the Skirmisher (level 8, -6/87 HPs)
             Began as an Ogre Fighter on May 4, 2018.
             Killed by divine providence
             ... invoked by an orc priest
              (15 damage)
             ... on level 7 of the Dungeon.
             The game lasted 00:12:05 (7039 turns).

Nattfarinn the Skirmisher (Ogre Fighter)            Turns: 7039, Time: 00:12:06

Health: -6/87      AC:  7    Str: 20 (23) XL:     8   Next: 60%
Magic:  8/8        EV:  9    Int:  9 (12) God:
Gold:   399        SH:  9    Dex:  7 (8)  Spells: 7/7 levels left

rFire    . . .     SeeInvis +   w - +2 flail (holy)
rCold    . . .     Gourm    .   c - +0 shield
rNeg     . . .     Faith    .   b - +0 robe
rPois    .         Spirit   .   (helmet restricted)
rElec    .         Reflect  .   J - +2 cloak {+Inv}
rCorr    .         Harm     .   (gloves unavailable)
MR       .....                  (boots unavailable)
Stlth    +.........             (no amulet)
HPRegen  0.24/turn              s - +3 ring of intelligence
MPRegen  0.11/turn              A - +1 ring of protection

@: no status effects
A: large, unfitting armour, see invisible, tough skin 1, wild magic 1
a: Evoke Invisibility


You were on level 7 of the Dungeon.
You were very hungry.

You visited 1 branch of the dungeon, and saw 7 of its levels.
You also visited: Ossuary.

You collected 432 gold pieces.
You spent 33 gold pieces at shops.

Inventory:

Hand Weapons
 a - a +0 flail
 w - a +2 flail of holy wrath (weapon)
 D - a +0 giant spiked club
 I - a +4 quarterstaff of chaos
Missiles
 g - 14 poisoned needles
 h - 145 stones (quivered)
Armour
 b - a +0 robe (worn)
 c - a +0 shield (worn)
 J - a +2 cloak of invisibility (worn)
Jewellery
 s - a +3 ring of intelligence (left hand)
 A - a +1 ring of protection (right hand)
Wands
 F - a wand of polymorph (10)
 G - a wand of iceblast (7)
Scrolls
 i - 12 scrolls of identify {unknown}
 j - 4 scrolls of amnesia {unknown}
 m - 5 scrolls of enchant weapon {unknown}
 n - 3 scrolls of teleportation {unknown}
 p - 2 scrolls of random uselessness {unknown}
 r - 6 scrolls of enchant armour {unknown}
 x - a scroll of fog {unknown}
 y - a scroll of remove curse {unknown}
 z - 2 scrolls of fear {unknown}
 E - a scroll of silence {unknown}
 H - a scroll of blinking {unknown}
Potions
 d - a potion of might
 e - 2 potions of degeneration
 k - a potion of agility {unknown}
 l - 4 potions of mutation
 o - a potion of heal wounds {unknown}
 q - a potion of curing
 t - 2 potions of resistance {unknown}
 v - a potion of brilliance {unknown}
 B - a potion of haste {unknown}
 C - 2 potions of ambrosia
 L - a potion of lignification {unknown}
 M - a potion of cancellation {unknown}
 N - a potion of invisibility {unknown}
Books
 u - a book of Minor Magic

   Spells                             Type                      Level
   a - Magic Dart                     Conjuration                  1
   b - Blink                          Translocation                2
   c - Call Imp                       Summoning                    2
   d - Slow                           Hexes                        2
   e - Conjure Flame                  Conjuration/Fire             3
   f - Mephitic Cloud                 Conjuration/Poison/Air       3
 K - a book of Power

   Spells                             Type                      Level
   a - Iskenderun's Battlesphere      Conjuration/Charms           5
   b - Venom Bolt                     Conjuration/Poison           5
   c - Bolt of Magma                  Conjuration/Fire/Earth       5
   d - Iron Shot                      Conjuration/Earth            6
   e - Orb of Destruction             Conjuration                  7
   f - Spellforged Servitor           Conjuration/Summoning        7
Comestibles
 f - 12 rations


   Skills:
 + Level 7.2 Fighting
 * Level 6.1 Maces & Flails
 + Level 4.2 Throwing
 - Level 2.6 Dodging
 + Level 5.0 Shields


You had 7 spell levels left.
You didn't know any spells.

Dungeon Overview and Level Annotations

Branches:
Dungeon (7/15)
 Temple: D:4-7

Altars:
Gozag
Kikubaaqudgha
Uskayaw
Yredelemnul

Shops:
D:4 !=:


Innate Abilities, Weirdness & Mutations

You are too large for most types of armour.
You have tough skin. (AC +1)
You have supernaturally acute eyesight. (SInv)
Your spells are a little harder to cast, but a little more powerful.


Message History

The orc priest hits you but does no damage.
The orc hits you but does no damage.
The orc wizard mumbles some strange words.
The orc wizard seems to speed up.
You hear a shout!
A kobold comes into view.
Okay, then.
You hit the orc priest.
The orc priest is moderately wounded.
You hear a shout!
You block the bullfrog's attack. The orc priest barely misses you.
The orc wizard points at you and mumbles some strange words.
The magic dart hits you!
* * * LOW HITPOINT WARNING * * *
You block the orc's attack. The bullfrog closely misses you.
You closely miss the orc wizard. You block the orc wizard's attack.
You block the bullfrog's attack.
The orc priest mumbles some strange prayers to Beogh against you.
Beogh smites you!
You die...

### #..##..... #######
##.##.# ....... #.##.#
...?... #..#.#
K......###### ##.#.#
.......K....# #...#
###.###KK...#######..#
#ooF..##......>##
#.@o............#
#...............#
#...............#
#...............#
#.................
#...............###
#####..........(#
#...........#
#...........#


You could see a big kobold, a bullfrog, an orc priest, an orc wizard, an orc and
2 kobolds.

Vanquished Creatures
  3 sky beasts (D:6)
  A phantom (D:7)
  An ogre (D:5)
  2 bullfrogs (D:6)
  3 scorpions
  A crimson imp (D:5)
  A hound (D:6)
  A human zombie (Ossuary)
  Crazy Yiuf (D:5)
  An orc wizard (D:5)
  Terence (D:2)
  2 iguanas
  2 worker ants
  A hound skeleton (D:5)
  4 mummies
  A howler monkey zombie (D:6)
  3 worker ant zombies
  5 gnolls
  4 adders
  4 adder zombies
  2 worms
  A dart slug (D:2)
  8 leopard geckos
  9 orcs
  A giant cockroach (D:7)
  A goblin (D:2)
  8 hobgoblins
  11 jackals
  4 quokkas
  6 bats
  5 frilled lizards
  4 goblin zombies (Ossuary)
  4 hobgoblin zombies (Ossuary)
  11 kobolds
  2 kobold zombies (Ossuary)
  A leopard gecko skeleton (D:5)
  6 quokka zombies
  5 rats
  A rat zombie (Ossuary)
132 creatures vanquished.

Notes
Turn   | Place    | Note
-------+----------+-------------------------------------------
     0 | D:1      | Nattfarinn the Ogre Fighter began the quest for the Orb.
     0 | D:1      | Reached XP level 1. HP: 24/24 MP: 1/1
   158 | D:1      | Reached XP level 2. HP: 30/32 MP: 2/2
   343 | D:1      | Reached XP level 3. HP: 16/40 MP: 3/3
   421 | D:1      | Reached skill level 1 in Throwing
  1657 | D:2      | Reached XP level 4. HP: 31/49 MP: 4/4
  1685 | D:2      | Noticed Terence
  1701 | D:2      | Killed Terence
  2233 | D:3      | Found a basalt altar of Yredelemnul.
  2241 | D:3      | Reached XP level 5. HP: 39/55 MP: 5/5
  2383 | D:3      | Found an opulent altar of Gozag.
  3199 | D:4      | Found Kusaej's Jewellery Boutique.
  3210 | D:4      | Bought a +1 ring of protection for 33 gold pieces
  3220 | D:4      | Reached skill level 5 in Fighting
  3332 | D:4      | Gained mutation: Your spells are a little harder to cast, but a little more powerful. [potion of mutation]
  3332 | D:4      | Gained mutation: You have supernaturally acute eyesight. (SInv) [potion of mutation]
  3819 | D:4      | Found Bopsiq Weep's Distillery.
  3918 | D:4      | Found Moleidul's Book Boutique.
  4262 | D:5      | Entered Level 5 of the Dungeon
  4317 | D:5      | Reached XP level 6. HP: 52/66 MP: 6/6
  4571 | D:5      | Found an ancient bone altar of Kikubaaqudgha.
  4571 | D:5      | Found a hide-covered altar of Uskayaw.
  5165 | D:5      | Reached XP level 7. HP: 61/74 MP: 7/7
  5417 | D:5      | Found a runed door.
  5421 | D:5      | Noticed Crazy Yiuf
  5431 | D:5      | Killed Crazy Yiuf
  5651 | D:6      | Reached skill level 6 in Fighting
  6272 | D:6      | Reached skill level 5 in Maces & Flails
  6353 | D:6      | Reached XP level 8. HP: 47/84 MP: 8/8
  6787 | D:7      | Found a sand-covered staircase.
  6799 | Ossuary  | Entered an ossuary
  6805 | Ossuary  | Reached skill level 7 in Fighting
  6997 | D:7      | Reached skill level 5 in Shields
  7039 | D:7      | Killed from afar by an orc priest

Skill      XL: |  1  2  3  4  5  6  7  8 |
---------------+-------------------------+-----
Maces & Flails | 2 3 4 5 6 |  6.1
Throwing       | 1 2 3 4 |  4.2
Shields        | 3 4 5 |  5.0
Fighting       | 5 6 7 |  7.2
Dodging        | |  2.6

Action                   |  1- 3 |  4- 6 |  7- 9 || total
-------------------------+-------+-------+-------++-------
Melee: Flail             |   119 |   169 |   227 ||   515
       Unarmed           |       |       |     4 ||     4
Throw: Stone             |    34 |       |       ||    34
  Use: Potion            |       |     1 |     4 ||     5
  Eat: Chunk             |     2 |    11 |     6 ||    19
Armor: Robe              |    36 |    38 |    62 ||   136
Dodge: Dodged            |    39 |    60 |    84 ||   183
Block: Shield            |    66 |    71 |   115 ||   252
